[ PARTIDA AOE2 · #495158965 ]
UnrankedTupíes vs Shu
Equipo del jugador · DERR
Equipo rival · VICT
[ ANÁLISIS DE REPETICIÓN · EXTRAÍDO DE LA PARTIDA GRABADA ]
Feudal
11:26
Castillos
15:21
Imperial
—
| APM promedio | 38.1 |
| APM pico | 72 |
| eAPM promedio | 18.9 |
| Aldeanos / militares | 56 / 5 |
Foco
⚔️ 28.9% · 🌾 71.1%
Unknown (2579) ×33 · Mangonel ×5
Feudal
10:46
Castillos
19:49
Imperial
—
| APM promedio | 54.0 |
| APM pico | 87 |
| eAPM promedio | 24.1 |
| Aldeanos / militares | 84 / 7 |
Foco
⚔️ 28.8% · 🌾 71.2%
Unknown (1962) ×7 · Fishing Ship ×5 · Archer ×2 · Mangonel ×2 · Battering Ram ×2 · Fire Galley ×1
Mapa de la partida
Recursos iniciales + cada clic de construcción. Líneas = muros · curvas = relieve. ◆ oro · ⬟ piedra · ● bayas · ✦ reliquia · ◌ hueco del cierre
Tu base· Abierta — flanco sin cerrar
Base de OS+ | TeoX· Abierta — flanco sin cerrar
Terreno inicial suavizado · ◌ = hueco del cierre detectado · pasá el cursor para detalles
Inputs por minuto
— zz_Highway - - OS+ | TeoX
Build order — zz_Highway
143 acciones detectadas en el replay
| 0:01 | Crear | Villager (Male) |
| 0:01 | Crear | Villager (Male) |
| 0:02 | Construir | House |
| 0:06 | Investigar | Loom |
| 0:07 | Construir | House |
| 0:29 | Crear | Villager (Male) |
| 0:30 | Crear | Villager (Male) |
| 0:31 | Crear | Villager (Male) |
| 0:42 | Crear | Villager (Male) |
| 1:21 | Crear | Villager (Male) |
| 1:51 | Crear | Villager (Male) |
| 2:41 | Crear | Villager (Male) |
| 2:42 | Crear | Villager (Male) |
| 3:24 | Crear | Villager (Male) |
| 3:47 | Crear | Villager (Male) |
| 3:59 | Construir | Settlement |
| 4:07 | Crear | Villager (Male) |
| 4:59 | Crear | Villager (Male) |
| 5:01 | Crear | Villager (Male) |
| 5:12 | Crear | Villager (Male) |
| 5:49 | Construir | House |
| 5:51 | Construir | House |
| 6:18 | Crear | Villager (Male) |
| 6:25 | Crear | Villager (Male) |
| 6:53 | Construir | House |
| 6:59 | Crear | Villager (Male) |
| 7:15 | Crear | Villager (Male) |
| 7:24 | Construir | Settlement |
| 7:39 | Crear | Villager (Male) |
| 7:44 | Construir | Settlement |
| 7:57 | Crear | Villager (Male) |
| 8:11 | Crear | Villager (Male) |
| 8:19 | Construir | Settlement |
| 8:31 | Crear | Villager (Male) |
| 8:49 | Investigar | Feudal Age |
| 11:16 | Crear | Villager (Male) |
| 11:26 | Edad | Edad Feudal |
| 11:43 | Crear | Villager (Male) |
| 11:46 | Construir | Market |
| 11:51 | Construir | Blacksmith |
| 11:51 | Crear | Villager (Male) |
| 12:37 | Investigar | Castle Age |
| 12:37 | Investigar | Castle Age |
| 13:17 | Construir | Palisade Wall |
| 13:31 | Construir | Palisade Wall |
| 14:08 | Investigar | Fletching |
| 15:03 | Investigar | Double-Bit Axe |
| 15:21 | Edad | Edad de los Castillos |
| 15:25 | Construir | Castle |
| 15:27 | Crear | Villager (Male) |
| 15:41 | Construir | Farm |
| 15:46 | Construir | Farm |
| 16:02 | Construir | Farm |
| 16:09 | Crear | Villager (Male) |
| 16:27 | Crear | Villager (Male) |
| 16:33 | Construir | Farm |
| 16:34 | Crear | Unit 2579 |
| 17:05 | Construir | Settlement |
| 17:15 | Crear | Unit 2579 |
| 17:15 | Crear | Unit 2579 |
| 17:23 | Crear | Villager (Male) |
| 17:43 | Crear | Unit 2579 |
| 17:54 | Crear | Villager (Male) |
| 17:55 | Crear | Unit 2579 |
| 18:22 | Crear | Unit 2579 |
| 18:26 | Construir | Farm |
| 18:28 | Crear | Villager (Male) |
| 18:34 | Crear | Unit 2579 |
| 18:45 | Crear | Unit 2579 |
| 19:00 | Crear | Villager (Male) |
| 19:09 | Crear | Unit 2579 |
| 19:10 | Crear | Unit 2579 |
| 19:18 | Construir | Farm |
| 19:36 | Crear | Villager (Male) |
| 19:51 | Crear | Unit 2579 |
| 20:00 | Crear | Villager (Male) |
| 20:06 | Crear | Unit 2579 |
| 20:08 | Construir | Farm |
| 20:09 | Construir | Farm |
| 20:32 | Crear | Villager (Male) |
| 20:32 | Crear | Unit 2579 |
| 20:50 | Construir | Siege Workshop |
| 20:51 | Crear | Unit 2579 |
| 20:52 | Crear | Unit 2579 |
| 21:06 | Crear | Villager (Male) |
| 21:07 | Crear | Unit 2579 |
| 21:09 | Construir | Farm |
| 21:10 | Construir | Farm |
| 21:34 | Crear | Unit 2579 |
| 21:35 | Crear | Unit 2579 |
| 21:36 | Crear | Villager (Male) |
| 21:37 | Crear | Villager (Male) |
| 21:56 | Construir | Farm |
| 21:57 | Crear | Villager (Male) |
| 22:01 | Crear | Unit 2579 |
| 22:09 | Construir | Farm |
| 22:31 | Crear | Mangonel |
| 22:32 | Crear | Unit 2579 |
| 22:36 | Crear | Villager (Male) |
| 22:55 | Crear | Unit 2579 |
| 22:56 | Crear | Villager (Male) |
| 23:13 | Crear | Villager (Male) |
| 23:18 | Investigar | Padded Archer Armor |
| 23:45 | Crear | Mangonel |
| 23:46 | Crear | Villager (Male) |
| 23:47 | Crear | Unit 2579 |
| 23:50 | Construir | House |
| 23:51 | Construir | House |
| 23:59 | Crear | Unit 2579 |
| 24:01 | Crear | Villager (Male) |
| 24:04 | Crear | Villager (Male) |
| 24:07 | Construir | Settlement |
| 24:26 | Crear | Unit 2579 |
| 25:00 | Crear | Villager (Male) |
| 25:18 | Construir | House |
| 25:44 | Crear | Villager (Male) |
| 25:45 | Crear | Mangonel |
| 25:47 | Crear | Villager (Male) |
| 25:50 | Investigar | Bodkin Arrow |
| 25:53 | Construir | House |
| 25:54 | Construir | House |
| 26:02 | Crear | Unit 2579 |
| 26:02 | Crear | Unit 2579 |
| 26:28 | Crear | Villager (Male) |
| 26:29 | Crear | Unit 2579 |
| 26:37 | Crear | Unit 2579 |
| 26:38 | Crear | Unit 2579 |
| 26:49 | Crear | Villager (Male) |
| 27:03 | Investigar | Horse Collar |
| 27:03 | Investigar | Horse Collar |
| 27:15 | Construir | House |
| 27:18 | Crear | Unit 2579 |
| 27:28 | Crear | Villager (Male) |
| 27:28 | Crear | Villager (Male) |
| 27:36 | Investigar | Bow Saw |
| 27:36 | Investigar | Bow Saw |
| 27:56 | Crear | Mangonel |
| 28:37 | Crear | Mangonel |
| 28:42 | Crear | Unit 2579 |
| 28:43 | Crear | Unit 2579 |
| 29:00 | Crear | Unit 2579 |
| 29:02 | Crear | Villager (Male) |
| 29:02 | Crear | Villager (Male) |
Build order — OS+ | TeoX
Primeras 150 de 191 acciones detectadas
| 0:00 | Crear | Villager (Male) |
| 0:01 | Crear | Villager (Male) |
| 0:01 | Crear | Villager (Male) |
| 0:02 | Construir | House |
| 0:05 | Investigar | Loom |
| 0:09 | Construir | House |
| 0:26 | Crear | Villager (Male) |
| 0:27 | Crear | Villager (Male) |
| 0:34 | Crear | Villager (Male) |
| 0:35 | Crear | Villager (Male) |
| 1:49 | Crear | Villager (Male) |
| 2:35 | Crear | Villager (Male) |
| 2:46 | Construir | Lumber Camp |
| 2:56 | Crear | Villager (Male) |
| 3:26 | Crear | Villager (Male) |
| 3:48 | Crear | Villager (Male) |
| 3:54 | Construir | House |
| 4:12 | Crear | Villager (Male) |
| 4:42 | Construir | Dock |
| 4:45 | Crear | Villager (Male) |
| 5:02 | Crear | Villager (Male) |
| 5:24 | Construir | Palisade Wall |
| 5:25 | Construir | Palisade Wall |
| 5:27 | Construir | Palisade Wall |
| 5:33 | Crear | Villager (Male) |
| 5:44 | Crear | Fishing Ship |
| 5:59 | Crear | Villager (Male) |
| 6:02 | Construir | House |
| 6:16 | Crear | Fishing Ship |
| 6:24 | Crear | Villager (Male) |
| 6:32 | Construir | House |
| 6:51 | Crear | Villager (Male) |
| 6:52 | Crear | Villager (Male) |
| 7:02 | Crear | Fishing Ship |
| 7:27 | Construir | Palisade Wall |
| 7:31 | Construir | Palisade Wall |
| 7:32 | Construir | Palisade Wall |
| 7:34 | Construir | Palisade Wall |
| 7:44 | Crear | Villager (Male) |
| 7:51 | Crear | Fishing Ship |
| 8:10 | Crear | Villager (Male) |
| 8:24 | Construir | House |
| 8:36 | Investigar | Feudal Age |
| 8:53 | Construir | Mining Camp |
| 9:41 | Construir | House |
| 10:46 | Edad | Edad Feudal |
| 10:47 | Construir | Watch Tower |
| 10:49 | Construir | Palisade Wall |
| 10:51 | Construir | Palisade Wall |
| 10:51 | Crear | Villager (Male) |
| 10:54 | Crear | Villager (Male) |
| 10:58 | Crear | Villager (Male) |
| 11:05 | Crear | Fire Galley |
| 11:07 | Crear | Villager (Male) |
| 11:17 | Construir | Barracks |
| 11:24 | Construir | Mill |
| 11:42 | Construir | Watch Tower |
| 11:43 | Crear | Villager (Male) |
| 12:05 | Crear | Villager (Male) |
| 12:30 | Crear | Villager (Male) |
| 12:33 | Construir | Archery Range |
| 12:34 | Crear | Villager (Male) |
| 12:50 | Construir | Watch Tower |
| 12:57 | Crear | Villager (Male) |
| 13:01 | Construir | Palisade Wall |
| 13:04 | Construir | Palisade Wall |
| 13:05 | Construir | Palisade Wall |
| 13:07 | Construir | Palisade Wall |
| 13:13 | Crear | Villager (Male) |
| 13:15 | Investigar | Double-Bit Axe |
| 13:16 | Crear | Villager (Male) |
| 13:34 | Construir | Palisade Wall |
| 13:36 | Crear | Villager (Male) |
| 13:38 | Crear | Villager (Male) |
| 13:51 | Construir | Watch Tower |
| 14:00 | Construir | Mining Camp |
| 14:02 | Crear | Villager (Male) |
| 14:05 | Construir | Mining Camp |
| 14:19 | Crear | Villager (Male) |
| 14:29 | Construir | Watch Tower |
| 14:32 | Crear | Villager (Male) |
| 14:53 | Crear | Villager (Male) |
| 14:57 | Construir | House |
| 15:04 | Construir | Palisade Wall |
| 15:05 | Construir | Palisade Wall |
| 15:05 | Construir | Palisade Wall |
| 15:06 | Construir | Palisade Wall |
| 15:07 | Crear | Villager (Male) |
| 15:14 | Crear | Archer |
| 15:14 | Crear | Archer |
| 15:21 | Crear | Fishing Ship |
| 15:31 | Construir | House |
| 15:37 | Construir | Watch Tower |
| 15:54 | Crear | Villager (Male) |
| 16:34 | Construir | Blacksmith |
| 16:35 | Crear | Villager (Male) |
| 16:45 | Construir | Mining Camp |
| 17:09 | Investigar | Castle Age |
| 17:14 | Construir | Watch Tower |
| 18:13 | Construir | Watch Tower |
| 18:46 | Investigar | Fletching |
| 19:12 | Construir | House |
| 19:29 | Construir | House |
| 19:49 | Edad | Edad de los Castillos |
| 19:52 | Crear | Villager (Male) |
| 19:58 | Construir | Siege Workshop |
| 19:58 | Crear | Villager (Male) |
| 20:02 | Investigar | Bodkin Arrow |
| 20:02 | Investigar | Bodkin Arrow |
| 20:06 | Construir | Palisade Wall |
| 20:08 | Construir | Palisade Wall |
| 20:12 | Construir | Palisade Wall |
| 20:24 | Crear | Villager (Male) |
| 20:30 | Crear | Unit 1962 |
| 20:30 | Crear | Unit 1962 |
| 20:38 | Construir | Farm |
| 20:39 | Construir | Farm |
| 20:40 | Construir | Farm |
| 20:52 | Construir | Farm |
| 20:54 | Construir | Farm |
| 20:55 | Construir | Farm |
| 21:13 | Crear | Villager (Male) |
| 21:28 | Crear | Villager (Male) |
| 21:43 | Construir | House |
| 21:50 | Crear | Villager (Male) |
| 22:08 | Crear | Mangonel |
| 22:32 | Construir | Town Center |
| 22:32 | Crear | Villager (Male) |
| 23:16 | Crear | Unit 1962 |
| 23:16 | Crear | Unit 1962 |
| 23:20 | Construir | Market |
| 23:37 | Crear | Villager (Male) |
| 23:41 | Crear | Villager (Male) |
| 24:04 | Crear | Villager (Male) |
| 24:08 | Crear | Unit 1962 |
| 24:45 | Crear | Villager (Male) |
| 24:46 | Construir | House |
| 24:46 | Construir | House |
| 24:48 | Crear | Villager (Male) |
| 24:48 | Crear | Villager (Male) |
| 24:58 | Crear | Unit 1962 |
| 25:02 | Investigar | Town Watch |
| 25:11 | Crear | Villager (Male) |
| 25:11 | Crear | Villager (Male) |
| 25:26 | Crear | Villager (Male) |
| 25:27 | Crear | Villager (Male) |
| 25:27 | Crear | Villager (Male) |
| 25:30 | Construir | Farm |
| 25:31 | Construir | Farm |
| 25:34 | Construir | Farm |
Cronología de la partida
| 4:42 | OS+ | TeoX · first_building Dock |
| 5:24 | OS+ | TeoX · wall_segment Palisade Wall x1 |
| 5:25 | OS+ | TeoX · wall_segment Palisade Wall x1 |
| 5:27 | OS+ | TeoX · wall_segment Palisade Wall x1 |
| 7:27 | OS+ | TeoX · wall_segment Palisade Wall x4 |
| 7:31 | OS+ | TeoX · wall_segment Palisade Wall x2 |
| 7:32 | OS+ | TeoX · wall_segment Palisade Wall x3 |
| 7:34 | OS+ | TeoX · wall_segment Palisade Wall x3 |
| 10:46 | OS+ | TeoX · age_up feudal |
| 10:49 | OS+ | TeoX · wall_segment Palisade Wall x1 |
| 10:51 | OS+ | TeoX · wall_segment Palisade Wall x1 |
| 11:17 | OS+ | TeoX · first_building Barracks |
| 11:26 | zz_Highway · age_up feudal |
| 12:33 | OS+ | TeoX · first_building Archery Range |
| 13:01 | OS+ | TeoX · wall_segment Palisade Wall x1 |
| 13:04 | OS+ | TeoX · wall_segment Palisade Wall x1 |
| 13:05 | OS+ | TeoX · wall_segment Palisade Wall x1 |
| 13:07 | OS+ | TeoX · wall_segment Palisade Wall x1 |
| 13:17 | zz_Highway · wall_segment Palisade Wall x1 |
| 13:31 | zz_Highway · wall_segment Palisade Wall x1 |
| 13:34 | OS+ | TeoX · wall_segment Palisade Wall x1 |
| 15:04 | OS+ | TeoX · wall_segment Palisade Wall x1 |
| 15:05 | OS+ | TeoX · wall_segment Palisade Wall x1 |
| 15:05 | OS+ | TeoX · wall_segment Palisade Wall x1 |
| 15:06 | OS+ | TeoX · wall_segment Palisade Wall x2 |
| 15:21 | zz_Highway · age_up castle |
| 15:25 | zz_Highway · first_building Castle |
| 16:07 | zz_Highway · first_market_buy 100 food |
| 19:49 | OS+ | TeoX · age_up castle |
| 19:58 | OS+ | TeoX · first_building Siege Workshop |
| 20:06 | OS+ | TeoX · wall_segment Palisade Wall x1 |
| 20:08 | OS+ | TeoX · wall_segment Palisade Wall x1 |
| 20:12 | OS+ | TeoX · wall_segment Palisade Wall x1 |
| 20:50 | zz_Highway · first_building Siege Workshop |
| 24:07 | OS+ | TeoX · first_market_buy 100 food |
| 27:35 | OS+ | TeoX · first_building Castle |
| 30:10 | zz_Highway · resign |
[ ANÁLISIS IA · 1 CRÉDITO ]
¿Qué pasó realmente en esta partida?
Wolo.gg analiza cada decisión: build order, eco, micro, errores típicos por bracket. Análisis personalizado por WhatsApp o Discord en 30 segundos.
Guía civ
Tupíes
Perfil
zz_Highway